 Dungeon Crawl Stone Soup version 0.23-a0-14-g8c9a20f (webtiles) character file.

14 Amnesiac the Conjurer (level 2, 0/19 HPs)
             Began as a Mummy Conjurer on Aug 2, 2018.
             Slain by an adder (3 damage)
             ... on level 2 of the Dungeon.
             The game lasted 00:01:12 (517 turns).

Amnesiac the Conjurer (Mummy Conjurer)               Turns: 517, Time: 00:01:13

Health: 0/19       AC:  2    Str: 11    XL:     2   Next: 27%
Magic:  0/6        EV: 12    Int: 14    God:
Gold:   32         SH:  0    Dex: 12    Spells: 4/7 levels left

rFire    x . .     SeeInvis .   b - +0 short sword
rCold    + . .     Gourm    .   (no shield)
rNeg     + + +     Faith    .   a - +0 robe
rPois    ∞         Spirit   .   (no helmet)
rElec    .         Reflect  .   (no cloak)
rCorr    .         Harm     .   (no gloves)
MR       .....                  (no boots)
Stlth    ++........             (no amulet)
HPRegen  0.06/turn              (no ring)
MPRegen  0.10/turn              (no ring)

@: no status effects
A: no food or potions, fire vulnerability, cold resistance 1, negative energy
resistance 3, torment resistance, unbreathing
a: no special abilities


You were on level 2 of the Dungeon.
You were not hungry.

You visited 1 branch of the dungeon, and saw 3 of its levels.

You collected 32 gold pieces.

Inventory:

Hand Weapons
 b - a +0 short sword (weapon)
Armour
 a - a +0 robe (worn)
Scrolls
 c - a scroll of identify {!r, unknown}


   Skills:
 - Level 1.5 Dodging
 - Level 1.5 Stealth
 + Level 3.4 Spellcasting
 * Level 3.5 Conjurations


You had 4 spell levels left.
You knew the following spells:

 Your Spells              Type           Power        Failure   Level  Hunger
a - Magic Dart            Conj           ##..         4%          1    N/A
d - Searing Ray           Conj           ##....       8%          2    N/A

Your spell library contained the following spells:

 Spells                   Type           Power        Failure   Level  Hunger
 Iskenderun's Mystic Bla  Conj           ##......     43%         4    N/A
 Fulminant Prism          Conj/Hex       #.........   69%         4    N/A
 Dazzling Spray           Conj/Hex       #.....       30%         3    N/A
 Force Lance              Conj/Tloc      #.......     69%         4    N/A

Dungeon Overview and Level Annotations

Branches:
Dungeon (3/15)

Altars:


Innate Abilities, Weirdness & Mutations

You do not eat or drink.
Your flesh is vulnerable to fire.
You are immune to poison.
Your flesh is cold resistant. (rC+)
You are immune to negative energy. (rN+++)
You are immune to unholy pain and torment.
You can survive without breathing.


Message History

Confirm with . or Enter, or press ? or * to list all spells.
You don't have enough magic to cast that spell.
The hobgoblin hits you.
You climb upwards.
There is a stone staircase leading down here.
You hit the hobgoblin.
The hobgoblin is severely wounded.
The hobgoblin misses you.
You hit the hobgoblin but do no damage.
The hobgoblin is severely wounded.
The hobgoblin closely misses you.
You hit the hobgoblin.
You kill the hobgoblin!
Casting: Magic Dart (safe; 4% risk of failure)
Confirm with . or Enter, or press ? or * to list all spells.
You can't see any susceptible monsters within range! (Use Z to cast anyway.)
You start resting.
Your magical contamination has completely faded away.
You start resting.
HP restored.
You start resting.
Magic restored.
You start resting.
Magic restored.
You climb downwards.
The kobold hits you with a short sword. x2
There is a stone staircase leading up here.
You see here 2 stones.
The adder closely misses you. The kobold hits you with a short sword.
You climb upwards.
There is a stone staircase leading down here.
The adder barely misses you.
Casting: Magic Dart (safe; 4% risk of failure)
Confirm with . or Enter, or press ? or * to list all spells.
Aiming: Searing Ray (safe; 8% risk of failure)
Press: ? - help, Shift-Dir - straight line, f - adder
Aim: an adder The searing ray misses the adder.
The searing ray hits the kobold.
The kobold is severely wounded. (Press . to maintain the ray.)
The adder bites you.
The searing ray misses the adder.
The searing ray hits the kobold.
You kill the kobold!
The adder barely misses you.
The searing ray misses the adder.
The adder bites you. The adder barely misses you.
The searing ray misses the adder.
You finish channeling your searing ray.
The adder bites you.
* * * LOW HITPOINT WARNING * * *
Casting: Searing Ray (safe; 8% risk of failure)
Confirm with . or Enter, or press ? or * to list all spells.
Aiming: Magic Dart (safe; 4% risk of failure)
Press: ? - help, Shift-Dir - straight line, f/p - adder
Aim: an adder The magic dart hits the adder.
The adder is lightly wounded.
The adder bites you.
* * * LOW HITPOINT WARNING * * *
Unknown command.
You miss the adder.
The adder is lightly wounded.
The adder bites you.
* * * LOW HITPOINT WARNING * * *
The adder bites you.
You die...

#...###..##.#.......#
#...###..##.#.......#
#...........#.......#
##'####..####.......#
#.#####.####.####'##
#.#.....#....####.#
#.#.###>'.....#...#
#.# #S#...###.### #.#
#@#...# #.# #.#
#.#...# #.# #.#
#.#...# #.# ######
#.# #.#...# #.#
.....# #.# #.#...#
#.# ####.# #.#
#.#...# #.# ...#.#
#.# #.# #.# #.##.#
#.# ... #.# #.#


You could see an adder.

Vanquished Creatures
  A dart slug (D:2)
  2 bats (D:2)
  A goblin (D:3)
  3 hobgoblins (D:2)
  A kobold (D:2)
  A quokka (D:2)
  A frilled lizard (D:2)
10 creatures vanquished.

Notes
Turn   | Place    | Note
-------+----------+-------------------------------------------
     0 | D:1      | Amnesiac the Mummy Conjurer began the quest for the Orb.
     0 | D:1      | Reached XP level 1. HP: 13/13 MP: 4/4
   367 | D:2      | Reached XP level 2. HP: 18/19 MP: 1/6
   445 | D:2      | Learned a level 2 spell: Searing Ray
   517 | D:2      | Slain by an adder

Vault maps used:
D:1:      minmay_arrival_hallway
D:2:      minmay_fountain_box, lemuel_blue_sif_altar, uniq_jessica
D:3:      minitemple, chequers_temple_overflow_statue_of_worship

Skill      XL: |  1 |
---------------+----+-----
Spellcasting   | 3 |  3.4
Dodging        | |  1.5
Stealth        | |  1.5
Conjurations   | |  3.5

Action                   || total
-------------------------++-------
Melee: Short sword       ||     6
 Cast: Magic Dart        ||    22
       Searing Ray       ||     2
Dodge: Dodged            ||    11

Table legend:
 A = Spawn XP
 B = Non-spawn XP
 C = Spawn XP percentage of total XP
 D = Spawn monster count
 E = Non-spawn monster count
 F = Spawn count percentage of total count
 G = Total turns spent on level
                    A         B        C        D         E        F      G
               +---------+---------+-------+---------+---------+-------+---------
         Total |       0 |      20 |   0.0 |       0 |      10 |   0.0 |   517
               +---------+---------+-------+---------+---------+-------+---------
           D:2 |       0 |      18 |   0.0 |       0 |       9 |   0.0 |   487
           D:3 |       0 |       2 |   0.0 |       0 |       1 |   0.0 |    13
               +---------+---------+-------+---------+---------+-------+---------
